 Dungeon Crawl Stone Soup version bcrawl-1.40.2 (webtiles) character file.

Game seed: 1493486315684207365

464265 polpettosauro the Earth Mage (level 14, -2/87 HPs)
             Began as a Gargoyle Earth Elementalist on Nov 14, 2023.
             Was the Champion of Sif Muna.
             Shot with an arrow by a satyr (17 damage)
             ... on level 1 of the Spriggan Forest on Nov 16, 2023.
             The game lasted 01:21:18 (19968 turns).

polpettosauro the Earth Mage (GrEE)                Turns: 19968, Time: 01:21:19

Health: -2/87      AC: 15    Str: 11    XL:     14   Next: 92%
Magic:  3/28       EV: 12    Int: 22    God:    Sif Muna [******]
Gold:   1406       SH:  0    Dex: 10    Spells: 2/33 levels left

rFire    + . .     GDR:     32% F - +2 dagger (protect)
rCold    x . .     SeeInvis .   (no shield)
rNeg     + . .     Gourm    .   K - +1 robe {MR+}
rPois    ∞         Faith    .   (no helmet)
rElec    +         Spirit   .   D - +0 cloak (curse)
rCorr    .         Reflect  .   (no gloves)
MR       ++...                  c - +0 pair of boots
Stlth    +++++.....             (no amulet)
HPRegen  0.24/turn              k - ring of fire
MPRegen  0.21/turn              q - ring of stealth

@: flying
A: big wings, negative energy resistance 1, electricity resistance, partial
torment resistance, unbreathing, petrification resistance, rot immunity, AC +10
a: Stop Flying, Divine Energy, Channel Magic, Forget Spell, Moment of Magic,
Renounce Religion


You were on level 1 of the Spriggan Forest.
You worshipped Sif Muna.
Sif Muna was exalted by your worship.
You were not hungry.

You visited 4 branches of the dungeon, and saw 17 of its levels.

You collected 1406 gold pieces.

Inventory:

Hand Weapons
 C - the +5 mace of Sin {pain, rC+ Dex+2, unknown}
   (You found it on level 5 of the Lair of Beasts)

   In the hands of one skilled in necromantic magic, it inflicts extra damage on
   living creatures.
   It affects your dexterity (+2).
   It protects you from cold.
 F - a +2 dagger of protection (weapon)
 R - a +1 longbow of flaming
Missiles
 b - 808 stones
 n - 2 throwing nets {=f}
 x - 173 poisoned tomahawks (quivered)
 N - 339 arrows
Armour
 c - a +0 pair of boots (worn)
 D - a cursed +0 cloak (worn)
 G - a +0 robe of positive energy
 K - a +1 robe of magic resistance (worn)
Jewellery
 k - a ring of fire (left hand)
 q - a ring of stealth (right hand)
 L - an uncursed amulet of regeneration {unknown}
 P - an uncursed ring of positive energy {unknown}
Wands
 i - a wand of charming (6)
 l - a wand of paralysis (9)
 r - a wand of polymorph (8)
 E - a wand of flame (18)
 H - a wand of acid (4)
 M - a wand of iceblast (7)
 Q - a wand of disintegration (6)
Scrolls
 f - 3 scrolls of enchant weapon
 g - a scroll of amnesia
 h - a scroll of noise {unknown}
 j - a scroll of acquirement {unknown}
 p - 9 scrolls of remove curse
 s - 2 scrolls of immolation
 t - a scroll of revelation
 y - 2 scrolls of enchant armour
 J - a scroll of fog
 O - a scroll of vulnerability
 S - a scroll of brand weapon {unknown}
 T - 3 scrolls of fear
Potions
 a - 2 potions of lignification
 d - 3 potions of mutation
 m - 3 potions of resistance
 o - 4 potions of brilliance
 u - a potion of berserk rage {unknown}
 v - a potion of agility {unknown}
 w - 2 potions of flight
 z - 4 potions of curing {unknown}
 A - 3 potions of haste
 I - a potion of ambrosia {unknown}
Comestibles
 e - 26 rations {!d}


   Skills:
 + Level 9.8 Fighting
 - Level 3.0 Short Blades
 - Level 2.4 Dodging
 - Level 5.0 Stealth
 - Level 1.0 Unarmed Combat
 - Level 10.1 Spellcasting
 - Level 7.0 Conjurations
 - Level 3.0 Transmutations
 - Level 15.0 Earth Magic
 - Level 12.0 Invocations
 - Level 10.0 Evocations


You had 2 spell levels left.
You knew the following spells:

 Your Spells              Type           Power        Failure   Level  Hunger
a - Sandblast             Erth           ######       0%          1    None
b - Passwall              Tmut/Erth      ######..     1%          2    None
c - Stone Arrow           Conj/Erth      ######       1%          3    None
d - Lee's Rapid Deconstr  Erth           ######....   1%          5    ####...
e - Petrify               Tmut/Erth      ######....   1%          4    #......
f - Iron Shot             Conj/Erth      ######....   10%         6    #####..
g - Bolt of Magma         Conj/Fire/Erth ######....   9%          5    ####...
h - Summon Forest         Summ/Tloc      ##........   86%         5    ####...

Your spell library contained the following spells:

 Spells                   Type           Power        Failure   Level  Hunger
 Static Discharge         Air            ##....       6%          1    None
 Iskenderun's Mystic Bla  Conj           #####...     1%          3    None
 Mephitic Cloud           Conj/Pois/Air  ###.....     7%          3    None
 Lightning Bolt           Conj/Air       ####....     14%         4    #......
 Throw Icicle             Conj/Ice       ####....     14%         4    #......
 Regeneration             Chrm/Necr      ##........   19%         3    None
 Iskenderun's Battlesphe  Conj/Chrm      ####....     36%         5    ####...
 Summon Lightning Spire   Summ/Air       ##......     86%         5    ####...
 Conjure Ball Lightning   Conj/Air       ####......   91%         6    #####..
 Orb of Destruction       Conj           #####.....   96%         7    ######.
 Malign Gateway           Summ/Tloc      ##........   100%        7    ######.
 Chain Lightning          Conj/Air       ####......   100%        8    #######
 Time Stop                Chrm/Tloc      N/A          100%        8    #######
 Shatter                  Erth           ######....   100%        9    #######


Dungeon Overview and Level Annotations

Branches:
Dungeon (9/12)             Temple (1/1) D:6            Lair (6/6) D:9
 Shoals (0/3) Lair:3       Spider (0/3) Lair:3          Orc (0/1) D:9
 Forest (1/3) Lair:5

Altars:
Ashenzari
Cheibriados
Dithmenos
Elyvilon
Fedhas
Gozag
Hepliaklqana
Kikubaaqudgha
Lugonu
Makhleb
Nemelex Xobeh
Okawaru
Qazlal
Ru
Sif Muna
Trog
Uskayaw
Vehumet
Wu Jian
Xom
Yredelemnul
Zin
The Shining One

Shops:
D:8 [


Innate Abilities, Weirdness & Mutations

You are resistant to torment.
Your stone body is resilient. (AC +10)
You are immune to poison.
Your large and strong wings let you fly indefinitely.
You resist negative energy. (rN+)
You are resistant to electric shocks. (rElec)
You are less affected by unholy pain and torment.
You can survive without breathing.
You are immune to petrification.
You are immune to rotting.


Message History

Aim: a faun, wielding a +0 hunting sling and quivering 157 stones You feel a surge of power!
The bolt of magma hits the faun!!
The faun is heavily wounded.
The faun shoots a stone.
The stone hits you!
* * * LOW HITPOINT WARNING * * *
Casting: Bolt of Magma (safe; 9% risk of failure)
Confirm with . or Enter, or press ? or * to list all spells.
You don't have enough magic to cast that spell.
Evoke which item? (* to show all) (? for menu, Esc to quit)
Aiming: Disintegrate
Press: ? - help, Shift-Dir - straight line, f/p - faun
Aim: a faun, wielding a +0 hunting sling and quivering 156 stones (steam, heavily wounded, chance to defeat MR: 80%)
The faun is blasted!!
The faun explodes!
The fiery explosion engulfs the satyr!!
The satyr is severely wounded.
Sif Muna accepts your kill.
You hear a splash. x4
The satyr shoots an arrow.
The arrow hits you!
You die...

≈≈≈≈≈≈≈≈≈≈≈≈≈≈≈≈≈≈≈.§§..≈♣≈♣♣†.≈♣
≈≈≈≈≈≈≈≈≈≈≈≈≈≈≈≈≈≈.≈§§...♣♣♣ †§≈♣
≈≈≈≈≈≈≈≈≈≈≈≈≈≈≈≈≈≈≈§§≈♣c≈.♣≈ ≈..≈
≈≈≈≈≈≈≈.≈≈≈≈≈≈≈≈≈≈≈≈.≈).≈♣≈.≈...≈
≈≈≈≈≈≈≈≈≈≈≈≈≈≈≈≈≈≈≈%≈.≈♣≈≈≈......
≈≈♣≈≈≈≈≈≈≈≈≈≈≈≈≈≈≈≈≈≈≈.≈≈.≈?..≈..
≈≈≈≈≈≈.≈≈≈≈.≈≈≈≈≈≈≈≈≈.≈≈≈.≈≈≈≈.≈≈
≈≈≈≈≈≈.≈≈≈..≈.≈≈≈≈≈≈≈≈≈.♣≈≈≈..≈
♣≈≈≈≈≈≈≈.≈≈≈≈≈.≈@≈≈≈≈♣♣≈≈≈.≈≈≈
≈≈≈≈≈≈≈.≈≈≈≈≈≈♣≈≈≈≈≈≈≈≈♣≈≈.≈
≈≈≈♣♣≈≈..≈..♣≈≈.≈≈≈≈≈♣♣♣≈≈.≈
≈≈♣≈≈≈≈≈≈.≈♣≈[≈≈≈≈≈≈♣≈≈≈≈≈..
≈≈≈≈≈≈.≈≈≈≈≈≈♣≈≈.♣≈≈♣≈.≈≈ .
≈≈≈≈≈≈≈≈≈≈≈≈≈♣♣≈≈≈≈≈≈≈≈..♣
≈≈≈≈≈≈≈≈≈≈≈♣.≈≈≈.≈≈≈≈.≈≈≈≈
≈≈≈≈≈≈≈≈≈≈≈≈♣≈≈≈♣.♣≈≈≈≈≈≈≈
.≈.≈≈≈≈≈≈≈≈≈≈♣≈..♣≈≈≈≈≈≈


You could see a satyr.

Vanquished Creatures
  Nessos (Lair:4)
  A dire elephant (Forest:1)
  Urug (Lair:2)
  7 hydras
  Erica (D:9)
  A spriggan air mage (Forest:1)
  A death knight (D:9)
  20 death yaks
  2 sea snakes
  A spriggan (Forest:1)
  A spriggan druid (Forest:1)
  2 wolf spiders (Forest:1)
  2 ugly things
  3 fauns (Forest:1)
  A salamander (Lair:3)
  2 elephants
  6 will-o'-wisps (Forest:1)
  A torpor snail (Lair:2)
  3 water nymphs
  5 cane toads
  4 black mambas
  A kobold demonologist (D:8)
  5 rime drakes
  5 komodo dragons
  A troll (D:8)
  Maurice (D:8)
  2 polar bears
  3 hornets
  3 blink frogs (Lair:5)
  6 hippogriffs
  12 dream sheep
  15 water elementals
  18 yaks
  A wyvern (Lair:2)
  5 fire bats (Lair:3)
  4 basilisks
  5 hungry ghosts
  A warg (D:9)
  8 water moccasins
  13 crocodiles
  10 porcupines
  6 orc warriors
  3 phantoms
  A black bear (Lair:2)
  3 ice beasts
  2 sky beasts (D:4)
  3 wolves
  6 ogres
  2 kobold brigands (D:8)
  13 bullfrogs
  2 centaurs
  A scorpion (D:8)
  10 wights
  3 electric eels
  7 orc priests
  5 crimson imps
  2 bullfrog zombies
  A quasit (D:8)
  4 hounds
  A gnoll shaman (D:6)
  A bullfrog skeleton (D:8)
  9 orc wizards
  2 iguanas
  4 worker ants
  A hound skeleton (D:6)
  9 gnolls
  14 adders
  3 shadow imps
  An ooze (D:4)
  3 adder skeletons
  2 worms (D:2)
  A dart slug (D:2)
  5 leopard geckos
  38 orcs
  2 bats (D:1)
  4 giant cockroaches
  6 goblins
  9 hobgoblins
  9 jackals
  7 kobolds
  2 quokkas
  3 frilled lizards
  8 rats
403 creatures vanquished.

Vanquished Creatures (collateral kills)
  3 death yaks (Forest:1)
3 creatures vanquished.

Vanquished Creatures (others)
  A kobold (D:9)
  18 bushes (Lair:3)
  A fire vortex (Lair:3)
  7 fungi
  38 plants
65 creatures vanquished.

Grand Total: 471 creatures vanquished

Notes
Turn   | Place    | Note
-------+----------+-------------------------------------------
     0 | D:1      | polpettosauro the Gargoyle Earth Elementalist began the
                  | quest for the Orb.
     0 | D:1      | Reached XP level 1. HP: 10/10 MP: 3/3
    56 | D:1      | Reached skill level 1 in Fighting
   286 | D:1      | Reached skill level 4 in Earth Magic
   286 | D:1      | Reached XP level 2. HP: 16/16 MP: 3/5
   664 | D:1      | Reached XP level 3. HP: 20/20 MP: 6/6
   681 | D:1      | Learned a level 2 spell: Passwall
   685 | D:1      | Learned a level 3 spell: Stone Arrow
  1522 | D:2      | Found a white marble altar of Elyvilon.
  1530 | D:2      | Became a worshipper of Elyvilon the Healer
  1998 | D:2      | Found an opulent altar of Gozag.
  1998 | D:2      | Found a stormy altar of Qazlal.
  2150 | D:3      | Reached XP level 4. HP: 26/26 MP: 4/8
  2482 | D:3      | Reached * piety under Elyvilon
  2636 | D:3      | Reached skill level 5 in Earth Magic
  2727 | D:4      | Reached XP level 5. HP: 30/30 MP: 5/9
  2750 | D:4      | Noticed a sky beast
  2829 | D:4      | Killed a sky beast
  2830 | D:4      | Reached skill level 6 in Earth Magic
  2830 | D:4      | Reached XP level 6. HP: 35/35 MP: 0/10
  2836 | D:4      | Learned a level 5 spell: Lee's Rapid Deconstruction
  3158 | D:4      | Found an ancient bone altar of Kikubaaqudgha.
  3192 | D:4      | Reached skill level 7 in Earth Magic
  3307 | D:4      | Reached XP level 7. HP: 40/40 MP: 2/13
  3396 | D:4      | Found an ornate altar of the Wu Jian Council.
  3719 | D:3      | Found a glowing silver altar of Zin.
  3760 | D:5      | Entered Level 5 of the Dungeon
  3809 | D:5      | Reached skill level 1 in Conjurations
  3837 | D:5      | Reached ** piety under Elyvilon
  4003 | D:4      | Reached skill level 5 in Spellcasting
  4091 | D:5      | Reached skill level 1 in Transmutations
  4224 | D:5      | Reached XP level 8. HP: 46/46 MP: 9/15
  4229 | D:5      | Learned a level 4 spell: Petrify
  5168 | D:6      | Found a staircase to the Ecumenical Temple.
  5378 | D:6      | Reached skill level 8 in Earth Magic
  5378 | D:6      | Reached XP level 9. HP: 39/50 MP: 9/19
  5687 | D:6      | Reached skill level 9 in Earth Magic
  5844 | D:6      | Reached *** piety under Elyvilon
  5885 | Temple   | Entered the Ecumenical Temple
  6191 | Temple   | Fell from the grace of Elyvilon
  6191 | Temple   | Became a worshipper of Sif Muna the Loreminder
  6266 | D:7      | Noticed a cyan ugly thing
  6290 | D:6      | Killed a cyan ugly thing
  6291 | D:6      | Reached skill level 5 in Stealth
  6291 | D:6      | Reached skill level 10 in Earth Magic
  6509 | D:7      | Reached skill level 1 in Short Blades
  6666 | D:7      | Found a corrupted altar of Lugonu.
  6907 | D:7      | Reached skill level 5 in Fighting
  6908 | D:7      | Reached * piety under Sif Muna
  6962 | D:7      | Reached XP level 10. HP: 52/59 MP: 10/20
  7276 | D:8      | Found a shimmering altar of Xom.
  7483 | D:8      | Noticed Maurice
  7490 | D:8      | Killed Maurice
  7491 | D:8      | Reached ** piety under Sif Muna
  7604 | D:8      | Noticed a kobold demonologist
  7705 | D:8      | Killed a kobold demonologist
  8053 | D:8      | Reached *** piety under Sif Muna
  8060 | D:8      | Noticed a four-headed hydra
  8072 | D:8      | Killed a four-headed hydra
  8073 | D:8      | Reached skill level 10 in Spellcasting
  8160 | D:8      | Found Fuenofeu's Armour Emporium.
  8297 | D:9      | Noticed a death knight
  8397 | D:9      | Reached skill level 1 in Invocations
  8404 | D:9      | Reached skill level 1 in Evocations
  8604 | D:9      | Noticed an elephant
  8621 | D:9      | Killed an elephant
  8622 | D:9      | Reached XP level 11. HP: 63/63 MP: 2/25
  8807 | D:9      | Noticed an eight-headed hydra
  8918 | D:9      | Killed an eight-headed hydra
  8919 | D:9      | Reached skill level 5 in Invocations
  8998 | D:9      | Found a staircase to the Orcish Mines.
  9172 | D:9      | Reached skill level 5 in Evocations
  9172 | D:9      | Reached **** piety under Sif Muna
  9474 | D:9      | Found a sparkling altar of Nemelex Xobeh.
  9506 | D:9      | Identified Sif Muna's Volume of Dusty Combat Magic (Sif
                  | Muna gifted it to you on level 9 of the Dungeon)
  9506 | D:9      | Received a gift from Sif Muna
  9514 | D:9      | Learned a level 6 spell: Iron Shot
  9540 | D:9      | Found a hide-covered altar of Uskayaw.
  9606 | D:9      | Noticed Erica
  9621 | D:9      | Killed Erica
  9708 | D:9      | Noticed a white ugly thing
  9734 | D:9      | Killed a white ugly thing
  9735 | D:9      | Reached skill level 11 in Earth Magic
  9845 | D:9      | Found a staircase to the Lair.
  9858 | D:9      | Killed a death knight
  9859 | D:9      | Reached ***** piety under Sif Muna
  9859 | D:9      | Reached skill level 5 in Conjurations
 10237 | Lair:1   | Entered Level 1 of the Lair of Beasts
 10505 | Lair:1   | Found a shattered altar of Ashenzari.
 10762 | Lair:1   | Reached XP level 12. HP: 55/68 MP: 19/26
 11179 | Lair:2   | Noticed Urug
 11197 | Lair:2   | Reached skill level 12 in Earth Magic
 12085 | Lair:2   | Killed Urug
 12086 | Lair:2   | Reached skill level 13 in Earth Magic
 12610 | Lair:2   | Identified Sif Muna's Guide on Weightlessness and
                  | Confrontation (Sif Muna gifted it to you on level 2 of the
                  | Lair of Beasts)
 12610 | Lair:2   | Received a gift from Sif Muna
 12617 | Lair:2   | Learned a level 5 spell: Bolt of Magma
 12740 | Lair:3   | Found a hole to the Spider Nest.
 12906 | Lair:3   | Reached skill level 14 in Earth Magic
 12906 | Lair:3   | Reached ****** piety under Sif Muna
 13199 | Lair:3   | Noticed a death yak
 13199 | Lair:3   | Noticed a death yak
 13211 | Lair:3   | Noticed a death yak
 13213 | Lair:3   | Killed a death yak
 13221 | Lair:3   | Noticed a death yak
 13244 | Lair:2   | Killed a death yak
 13397 | Lair:3   | Reached skill level 15 in Earth Magic
 13472 | Lair:3   | Killed a death yak
 13474 | Lair:3   | HP: 1/68 [death yak (5)]
 13812 | Lair:3   | Killed a death yak
 14125 | Lair:4   | Reached XP level 13. HP: 72/72 MP: 20/27
 14626 | Lair:4   | Noticed Nessos
 14644 | Lair:4   | Killed Nessos
 15718 | Lair:5   | Got a jewelled mace
 16220 | Lair:5   | Found a glowing silver altar of Zin.
 16225 | Lair:5   | Found a staircase to the Spriggan Forest.
 16773 | Lair:4   | Reached skill level 10 in Invocations
 17008 | Lair:6   | Entered Level 6 of the Lair of Beasts
 17051 | Lair:6   | Gained mutation: Your large and strong wings let you fly
                  | indefinitely. [Gargoyle growth]
 17051 | Lair:6   | Reached XP level 14. HP: 78/78 MP: 5/28
 17436 | Lair:5   | Reached skill level 10 in Evocations
 17989 | Forest:1 | Entered Level 1 of the Spriggan Forest
 18097 | Forest:1 | Identified Sif Muna's Catalogue of Supportive Talismans
                  | (Sif Muna gifted it to you on level 1 of the Spriggan
                  | Forest)
 18097 | Forest:1 | Received a gift from Sif Muna
 18251 | Forest:1 | Learned a level 5 spell: Summon Forest
 19272 | Forest:1 | Noticed a dire elephant
 19518 | Forest:1 | Killed a dire elephant
 19968 | Forest:1 | Shot with an arrow by a satyr

Skill      XL: |  1  2  3  4  5  6  7  8  9 10 11 12 13 14 |
---------------+-------------------------------------------+-----
Fighting       | 1 2 3 5 9 |  9.8
Earth Magic    | 4 5 6 7 8 10 11 15 | 15.0
Stealth        | 3 5 |  5.0
Spellcasting   | 3 4 5 7 10 | 10.1
Conjurations   | 3 6 7 |  7.0
Transmutations | 1 3 |  3.0
Short Blades   | 3 |  3.0
Dodging        | 2 |  2.4
Invocations    | 3 5 10 12 | 12.0
Evocations     | 2 5 9 10 | 10.0
Unarmed Combat | |  1.0

Action                   |  1- 3 |  4- 6 |  7- 9 | 10-12 | 13-15 || total
-------------------------+-------+-------+-------+-------+-------++-------
Melee: Unarmed           |    28 |       |       |       |       ||    28
       Dagger            |    86 |    11 |    60 |   253 |   210 ||   620
       Punch             |       |       |       |     1 |       ||     1
 Fire: Shortbow          |       |       |       |     1 |       ||     1
Throw: Stone             |       |       |     1 |       |       ||     1
       Tomahawk          |       |       |       |     5 |     3 ||     8
 Cast: Sandblast         |    34 |    27 |   107 |    70 |    45 ||   283
       Stone Arrow       |       |    12 |    40 |    76 |     9 ||   137
       Lee's Rapid Decon |       |       |     7 |    38 |    14 ||    59
       Petrify           |       |       |     9 |    68 |    42 ||   119
       Iron Shot         |       |       |       |    20 |    45 ||    65
       Bolt of Magma     |       |       |       |     4 |    48 ||    52
Invok: Channel Magic     |       |       |       |     2 |     2 ||     4
       Divine Energy     |       |       |       |     1 |       ||     1
       Moment of Magic   |       |       |       |       |     3 ||     3
 Abil: Fly               |       |       |       |       |     3 ||     3
       Stop Flying       |       |       |       |       |     2 ||     2
Evoke: Wand              |       |       |       |     7 |    13 ||    20
  Use: Scroll            |     5 |     1 |       |    12 |    10 ||    28
       Potion            |       |       |       |     1 |     4 ||     5
 Stab: Sleeping          |     5 |     2 |     2 |     3 |       ||    12
       Distracted        |     1 |       |       |       |       ||     1
       Petrified         |       |       |    27 |   129 |   106 ||   262
       Petrifying        |       |       |       |     7 |    12 ||    19
  Eat: Chunk             |     7 |     5 |    23 |    36 |    28 ||    99
       Ration            |       |       |       |     5 |     7 ||    12
Armor: Robe              |    34 |     2 |    24 |    90 |   116 ||   266
       Skin              |       |       |       |       |     1 ||     1
Dodge: Dodged            |    69 |     3 |    52 |   120 |   140 ||   384
